 Dungeon Crawl Stone Soup version 0.19.4-9-g45fd643 (webtiles) character file.

455 LORDOFBUTT the Sneak (level 6, -2/28 HPs)
             Began as a Spriggan Enchanter on Feb 16, 2017.
             Killed from afar by Dowan (8 damage)
             ... with a puff of flame
             ... on level 4 of the Dungeon.
             The game lasted 00:07:11 (3994 turns).

LORDOFBUTT the Sneak (Spriggan Enchanter)           Turns: 3994, Time: 00:07:12

Health: -2/28      AC:  3    Str:  6    XL:     6   Next: 76%
Magic:  4/16       EV: 18    Int: 16    God:
Gold:   171        SH:  0    Dex: 17    Spells: 3 memorised, 11 levels left

rFire  . . .     SeeInvis +     a - +1 dagger
rCold  . . .     Gourm    .     b - +1 robe
rNeg   . . .     Faith    .     (shield restricted)
rPois  .         Spirit   .     (helmet restricted)
rElec  .         Reflect  .     (no cloak)
rCorr  .         Harm     .     (gloves unavailable)
MR     +....                    (boots unavailable)
Stlth  +++.......               (no amulet)
                                (no ring)
                                (no ring)

@: very slightly contaminated, very quick
A: unfitting armour, see invisible, herbivore 3, speed 3, slow metabolism 2
a: no special abilities


You were on level 4 of the Dungeon.
You were full.

You visited 1 branch of the dungeon, and saw 4 of its levels.

You collected 171 gold pieces.

Inventory:

Hand Weapons
 a - a +1 dagger (weapon)
Missiles
 k - 9 poisoned needles
Armour
 b - a +1 robe (worn)
Wands
 p - a wand of confusion (23/48)
Scrolls
 g - a scroll of amnesia
 o - a scroll of magic mapping {unknown}
Potions
 e - 5 potions of curing
 f - 2 potions of cancellation {unknown}
 h - a potion of might {unknown}
 i - a potion of heal wounds {unknown}
 j - 2 potions of flight {unknown}
 l - a potion of agility {unknown}
 m - a potion of magic {unknown}
 n - a potion of degeneration {unknown}
Books
 c - a book of Maledictions

   Spells                             Type                      Level
   a - Corona                         Hexes                        1
   b - Ensorcelled Hibernation        Hexes/Ice                    2
   c - Confuse                        Hexes                        3
   d - Tukima's Dance                 Hexes                        3
   e - Dazzling Spray                 Conjuration/Hexes            3
Comestibles
 d - 2 bread rations


   Skills:
 - Level 1.1 Short Blades
 - Level 3.0 Dodging
 - Level 6.4 Stealth
 * Level 6.0 Spellcasting
 * Level 6.4 Hexes
 + Level 0.2 Ice Magic


You had 11 spell levels left.
You knew the following spells:

 Your Spells              Type           Power        Failure   Level  Hunger
a - Corona                Hex            ####...      1%          1    None
b - Ensorcelled Hibernat  Hex/Ice        ###...       8%          2    #......
c - Confuse               Hex            ####....     3%          3    ##.....


Dungeon Overview and Level Annotations

Branches:
Dungeon (4/15)
 Temple: D:4-7

Altars:
Nemelex Xobeh

Annotations:
D:4 Dowan, Duvessa


Innate Abilities, Weirdness & Mutations

You are very small and have problems with some larger weapons.
You are too small for most types of armour.
You have supernaturally acute eyesight. (SInv)
You are a herbivore.
You cover ground extremely quickly.
You need consume almost no food.


Message History

Aim: Duvessa, wielding a short sword and wearing a ring mail (severely wounded, chance to defeat MR: 37%) Duvessa easily resists.
Duvessa hits you with a short sword!
* * * LOW HITPOINT WARNING * * *
Duvessa says, "Did you see that move?
Perfect!"
Evoke which item? (* to show all) (? for menu, Esc to quit)
Zapping:
p - a wand of confusion (will waste charges)
Press: ? - help, Shift-Dir - straight line, f/p - Duvessa
Aim: Duvessa, wielding a short sword and wearing a ring mail (severely wounded, chance to defeat MR: 28%) Duvessa easily resists.
Evoking this partially-identified wand wasted a few charges.
Evoke which item? (* to show all) (? for menu, Esc to quit)
Zapping:
p - a wand of confusion {zapped: 3} (will waste charges)
Press: ? - help, Shift-Dir - straight line, f/p - Duvessa
Aim: Duvessa, wielding a short sword and wearing a ring mail (severely wounded, chance to defeat MR: 28%) Duvessa appears confused.
Evoking this partially-identified wand wasted a few charges.
Duvessa hits Dowan with a short sword.
Dowan casts a spell at you. The puff of flame hits you!
You die...

.....#.......# #.........
..####....#########.........
..+.......# #.......####.#
..#####...# #.#####.#### # ..#
#...# #.##.......######.##
..######### #.##.......##......#
.....# #.##.......##.###..#
.....#########.#######.e..e.....#
................@....e.....#....#
................############.####
.....†..).......# ...#.#
................# #.#.#e#
................# #.....#
......).........# ###.###
#####...........# #.
############# #. ..


You could see Duvessa (confused) and Dowan.

Vanquished Creatures
  The ghost of elan the Insei, an amateur OpTm (D:3)
  2 hounds (D:4)
  An orc wizard (D:3)
  Jessica (D:2)
  A worker ant (D:4)
  6 gnolls
  3 adders
  An ooze (D:4)
  3 worms
  5 dart slugs
  2 leopard geckos
  12 orcs (D:3)
  4 bats
  A giant cockroach (D:4)
  3 goblins
  5 hobgoblins
  15 jackals
  9 kobolds
  3 quokkas (D:2)
  A ball python (D:2)
  6 frilled lizards
  5 rats
90 creatures vanquished.

Notes
Turn   | Place    | Note
-------+----------+-------------------------------------------
     0 | D:1      | LORDOFBUTT the Spriggan Enchanter began the quest for the Orb.
     0 | D:1      | Reached XP level 1. HP: 9/9 MP: 5/5
    78 | D:1      | Found a sparkling altar of Nemelex Xobeh.
   131 | D:1      | Reached XP level 2. HP: 12/13 MP: 7/7
  1162 | D:2      | Reached XP level 3. HP: 12/16 MP: 8/8
  1490 | D:2      | Learned a level 2 spell: Ensorcelled Hibernation
  1494 | D:2      | Learned a level 3 spell: Confuse
  1592 | D:2      | Noticed Jessica
  1600 | D:2      | Killed Jessica
  1600 | D:2      | Reached skill level 5 in Stealth
  1600 | D:2      | Reached XP level 4. HP: 21/21 MP: 3/11
  1695 | D:2      | Reached skill level 5 in Hexes
  2185 | D:2      | Learned a level 1 spell: Corona
  2281 | D:3      | Noticed elan's ghost (amateur OpTm)
  2491 | D:3      | Reached XP level 5. HP: 10/24 MP: 0/12
  3371 | D:3      | Killed elan's ghost
  3371 | D:3      | Reached skill level 5 in Spellcasting
  3371 | D:3      | Reached XP level 6. HP: 23/28 MP: 0/15
  3965 | D:4      | Noticed Duvessa
  3966 | D:4      | Noticed Dowan
  3994 | D:4      | Killed from afar by Dowan

Skill      XL: |  1  2  3  4  5  6 |
---------------+-------------------+-----
Spellcasting   | 3 4 5 6 |  6.0
Hexes          | 4 5 6 |  6.4
Stealth        | 5 6 |  6.4
Short Blades   | |  1.1
Dodging        | |  3.0
Ice Magic      | |  0.2

Action                   |  1- 3 |  4- 6 || total
-------------------------+-------+-------++-------
Melee: Dagger            |   149 |   234 ||   383
 Cast: Ensorcelled Hiber |     4 |    35 ||    39
       Confuse           |       |     8 ||     8
Evoke: Wand              |       |     2 ||     2
  Use: Scroll            |     1 |     2 ||     3
 Stab: Sleeping          |    10 |    32 ||    42
       Distracted        |       |     5 ||     5
       Confused          |       |     1 ||     1
  Eat: Pizza             |       |     1 ||     1
       Bread ration      |       |     1 ||     1
Armor: Robe              |    16 |    16 ||    32
Dodge: Dodged            |   124 |   185 ||   309
